 Dungeon Crawl Stone Soup version 0.29-a0-643-ga013cefcf8 (webtiles) character file.

Game seed: 11516839255833422274

81 happo123 the Digger (level 4, -3/25 HPs)
             Began as a Gargoyle Earth Elementalist on June 19, 2022.
             Killed from afar by Sigmund (6 damage)
             ... with a magic dart
             ... on level 2 of the Dungeon.
             The game lasted 00:08:26 (1111 turns).

happo123 the Digger (Gargoyle Earth Elementalist)   Turns: 1111, Time: 00:08:26

Health: -3/25      AC:  6    Str: 17    XL:     4   Next: 40%
Magic:  1/7        EV: 12    Int: 18    God:
Gold:   157        SH:  0    Dex: 10    Spells: 4/8 levels left

rFire   . . .      SeeInvis .   e - +2 dagger (venom)
rCold   . . .      Faith    .   (no shield)
rNeg    + . .      Spirit   .   a - +0 robe
rPois   ∞          Reflect  .   (no helmet)
rElec   +          Harm     .   p - +0 cloak
rCorr   .          Rampage  .   (no gloves)
Will    .....                   (no boots)
Stlth   +.........              (no amulet)
HPRegen 0.08/turn               l - +4 ring of slaying
MPRegen 0.10/turn               q - +6 ring of strength

@: confused
A: sickness immunity, AC +3, negative energy resistance 1, electricity
resistance, torment resistance 1, petrification resistance
a: no special abilities


You were on level 2 of the Dungeon.
You visited 1 branch of the dungeon, and saw 2 of its levels.

You collected 157 gold pieces.

Inventory:

Hand Weapons
 e - a +2 dagger of venom (weapon)
Armour
 a - a +0 robe (worn)
 p - a +0 cloak (worn)
Jewellery
 l - a +4 ring of slaying (left hand)
 n - a ring of ice
 q - a +6 ring of strength (right hand)
Scrolls
 c - a scroll of enchant armour {unknown}
 h - a scroll of blinking {unknown}
 j - a scroll of fog {unknown}
 k - a scroll of identify {unknown}
 m - a scroll of poison {unknown}
 o - a scroll of teleportation {unknown}
 r - a scroll of enchant weapon {unknown}
Potions
 b - a potion of magic
 d - a potion of flight {unknown}
 f - a potion of curing {unknown}
 g - a potion of lignification {unknown}
 i - 2 potions of haste {unknown}
 s - a potion of degeneration {unknown}


   Skills:
 + Level 1.0 Fighting
 + Level 1.8 Dodging
 + Level 2.8 Stealth
 * Level 2.5 Spellcasting
 + Level 1.2 Conjurations
 + Level 1.2 Transmutations
 * Level 4.3 Earth Magic


You had 4 spell levels left.
You knew the following spells:

 Your Spells              Type           Power      Damage    Failure   Level
a - Sandblast             Erth           34%        2d9       3%          1
b - Stone Arrow           Conj/Erth      24%        3d8       16%         3

Your spell library contained the following spells:

 Spells                   Type           Power      Damage    Failure   Level
 Passwall                 Tmut/Erth      10%        N/A       9%          2
 Petrify                  Tmut/Erth      12%        N/A       50%         4


Dungeon Overview and Level Annotations

Branches:
Dungeon (2/15)

Altars:

Annotations:
D:2 Sigmund


Innate Abilities, Weirdness & Mutations

You are immune to sickness and miasma.
Your stone body is resilient. (AC +3)
You are immune to poison.
You resist negative energy. (rN+)
You are resistant to electric shocks. (rElec)
You are resistant to unholy torment.
You are immune to petrification.


Message History

You kill the hobgoblin!
Sigmund closely misses you.
A kobold comes into view. It is wielding a +0 short sword.
Casting: Sandblast (safe; 3% risk of failure)
Confirm with . or Enter, or press ? or * to list all spells.
The spell is quite dangerous to miscast (16% risk of failure)!
Continue anyway?
Aiming: Stone Arrow (quite dangerous; 16% risk of failure)
Press: ? - help, Shift-Dir - straight line, f - kobold, p - Sigmund
Aim: a kobold, wielding a +0 short sword (60% to hit)
The stone arrow hits Sigmund!
Sigmund is heavily wounded.
Sigmund casts a spell.
Sigmund flickers and vanishes!
Deactivating autopickup; reactivate with Ctrl-A.
Aiming: Sandblast (safe; 3% risk of failure)
Press: ? - help, Q - select action Shift-Dir - straight line, f/p - kobold
Aim: a kobold, wielding a +0 short sword (74% to hit)
The blast of sand hits something!
Something hits you but does no damage. Something hits you!
Aiming: Sandblast (safe; 3% risk of failure)
Press: ? - help, Q - select action Shift-Dir - straight line, f/p - kobold
Aim: a kobold, wielding a +0 short sword (74% to hit)
The blast of sand misses the kobold.
Something hits you but does no damage.
Aiming: Sandblast (safe; 3% risk of failure)
Press: ? - help, Q - select action Shift-Dir - straight line, f/p - kobold
Aim: a kobold, wielding a +0 short sword (74% to hit)
The blast of sand hits something.
Something hits you!
* * * LOW HITPOINT WARNING * * *
You hear some strange, mumbled words.
You are confused.
A magic dart appears from out of thin air!
The magic dart hits you.
* * * LOW HITPOINT WARNING * * *
You are more confused.
You bump into the rock wall.
A magic dart appears from out of thin air!
The magic dart hits you.
You die...

######## #......#
#......#####
#......#...#
#.....@..#.#
#......#...###
#......##....########
#...{..#####........###
####K### #####.......
####.#### #.##.##.
##.......## #.##.##.
.........l.g# #.##....
.###.....#......#
#.####..


You could see a kobold.

Vanquished Creatures
  Jessica (D:2)
  2 adders (D:2)
  2 worms (D:2)
  2 bats
  2 endoplasms (D:1)
  4 goblins (D:1)
  3 hobgoblins
  2 quokkas
  3 ball pythons
  A frilled lizard (D:2)
  5 kobolds
  3 rats
30 creatures vanquished.

Notes
Turn   | Place    | Note
-------+----------+-------------------------------------------
     0 | D:1      | happo123 the Gargoyle Earth Elementalist began the quest
                  | for the Orb.
     0 | D:1      | Reached XP level 1. HP: 10/10 MP: 3/3
   180 | D:1      | Reached XP level 2. HP: 15/15 MP: 1/5
   233 | D:1      | Reached skill level 1 in Transmutations
   671 | D:2      | Reached skill level 4 in Earth Magic
   671 | D:2      | Reached XP level 3. HP: 20/20 MP: 4/6
   675 | D:2      | Learned a level 3 spell: Stone Arrow
   731 | D:2      | Noticed Jessica
   732 | D:2      | Killed Jessica
   733 | D:2      | Reached skill level 1 in Conjurations
   776 | D:2      | Reached skill level 1 in Fighting
   776 | D:2      | Reached XP level 4. HP: 23/25 MP: 3/7
  1087 | D:2      | Noticed Sigmund
  1111 | D:2      | Killed from afar by Sigmund

Illustrated notes

Levels and vault maps discovered:
D:1:      eino_arrival_tree_alley, layout_loops_ring
D:2:      layout_loops_cross, chequers_mini_garden, uniq_sigmund, uniq_jessica

Skill      XL: |  1  2  3 |
---------------+----------+-----
Transmutations | 1 |  1.2
Earth Magic    | 4 |  4.3
Conjurations   | 1 |  1.2
Fighting       | 1 |  1.0
Dodging        | |  1.8
Stealth        | |  2.8
Spellcasting   | |  2.5

Action                   |  1- 3 |  4- 6 || total
-------------------------+-------+-------++-------
Melee: Dagger            |    14 |    17 ||    31
 Cast: Sandblast         |    18 |    12 ||    30
       Stone Arrow       |       |     1 ||     1
 Stab: Sleeping          |       |     1 ||     1
Armor: Robe              |     5 |     7 ||    12
Dodge: Dodged            |    16 |    12 ||    28

Table legend: (Time is in decaauts)
 A = Elapsed time spent in this place.
 B = Non-inter-level travel time spent in this place.
 C = Inter-level travel time spent in this place.
 D = Time resting spent in this place.
 E = Time spent auto-exploring this place.
 F = Levels seen in this place.
 G = Mean time per level.
                   A        B        C        D        E       F      G
               +--------+--------+--------+--------+--------+-----+--------+
         Total |   1138 |    833 |    305 |      0 |    557 |   2 |  569.0 |
       Dungeon |   1138 |    833 |    305 |      0 |    557 |   2 |  569.0 |
               +--------+--------+--------+--------+--------+-----+--------+

Top non-repeatable levels by time:
     D:1: 676 daAuts
     D:2: 462 daAuts
